 Dungeon Crawl Stone Soup version 0.27-a0-1136-g0b992a5a9d (webtiles) character file.

Game seed: 12585698514279134008

111 leviel the Chopper (level 4, -1/61 HPs)
             Began as a Minotaur Berserker on May 5, 2021.
             Was a Follower of Trog.
             Killed from afar by Natasha (5 damage)
             ... with a magic dart
             ... on level 2 of the Dungeon.
             The game lasted 00:02:04 (1855 turns).

leviel the Chopper (Minotaur Berserker)             Turns: 1855, Time: 00:02:04

Health: -1/61      AC:  2    Str: 22    XL:     4   Next: 62%
Magic:  3/3        EV: 12    Int:  4    God:    Trog [*.....]
Gold:   71         SH:  0    Dex: 10    Spells: 3/3 levels left

rFire    . . .     SeeInvis .   a - +0 hand axe
rCold    . . .     Faith    .   (no shield)
rNeg     . . .     Spirit   .   b - +0 animal skin
rPois    .         Reflect  .   (helmet restricted)
rElec    .         Harm     .   (no cloak)
rCorr    +         Rampage  .   (no gloves)
Will     .....                  (no boots)
Stlth    ..........             (no amulet)
HPRegen  0.20/turn              e - ring of resist corrosion
MPRegen  0.08/turn              (no ring)

@: berserking, very quick
A: horns 2, retaliatory headbutt
a: Renounce Religion, Berserk


You were on level 2 of the Dungeon.
You worshipped Trog.
Trog was aware of your devotion.
You visited 1 branch of the dungeon, and saw 2 of its levels.

You collected 71 gold pieces.

Inventory:

Hand Weapons
 a - a +0 hand axe (weapon)
Armour
 b - a +0 animal skin (worn)
Jewellery
 e - a ring of resist corrosion (left hand)
Scrolls
 g - 3 scrolls of enchant weapon {unknown}
 h - a scroll of enchant armour {unknown}
Potions
 c - 2 potions of heal wounds {unknown}
 d - a potion of attraction {unknown}
 f - a potion of lignification {unknown}


   Skills:
 + Level 4.6 Fighting
 * Level 5.1 Axes
 + Level 3.0 Armour
 + Level 2.9 Dodging
 - Level 0.1 Stealth


You had 3 spell levels left.
You didn't know any spells.
Your spell library was empty.

Dungeon Overview and Level Annotations

Branches:
Dungeon (2/15)

Altars:

Annotations:
D:2 Natasha


Innate Abilities, Weirdness & Mutations

You have a pair of horns on your head.
You reflexively headbutt those who attack you in melee.


Message History

Trog accepts your kill.
Your Axes skill increases to level 5!
Your Armour skill increases to level 3!
You slash the worm!
The worm is almost dead.
The worm misses you. You furiously retaliate!
You headbutt the worm!
You kill the worm!
Trog accepts your kill.
You see here a worm corpse.
You start resting.
You feel a strong urge to attack something.
You start resting.
You feel your anger nearly subside.
You are no longer berserk.
You are exhausted.
You feel yourself slow down.
You start resting.
You feel yourself speed up.
You start resting.
Natasha, Servant of Life and Death comes into view.
Natasha is nearby!
Natasha is nearby!
You are too injured to fight recklessly!
You are too injured to fight recklessly!
You recover from your berserk rage.
Natasha hisses angrily.
Natasha casts a spell at you. The magic dart hits you.
* * * LOW HITPOINT WARNING * * *
You miss Natasha. Your headbutt misses Natasha. Natasha closely misses you.
You hit Natasha but do no damage. You headbutt Natasha.
Natasha is lightly wounded.
Natasha claws you!
* * * LOW HITPOINT WARNING * * *
You closely miss Natasha.
Natasha is lightly wounded.
Natasha closely misses you. You furiously retaliate!
You headbutt Natasha.
A red film seems to cover your vision as you go berserk!
You feel yourself moving faster!
You feel mighty!
Natasha stares at you and mumbles some strange words.
The magic dart hits you.
You die...

.#...##..##........# #..........#
.#.#####.##........# #.##########
.#.........#####'#####.##########
.#######.#................†......
.# #..######.#####.)......... ..
.... #.# #...........
#########..# #.# ############
............ #h# # ...........#.
##@###### #
.............##.......### #
....[..... #.......... #
.......... #†)†....... #
.)........ #<......... #
))).....). ##......... ..).......
.......... ..######## #..........
### #..#.######


You could see Natasha.

Vanquished Creatures
  Natasha (D:2)
  Terence (D:2)
  Robin (D:2)
  2 adders (D:2)
  A worm (D:2)
  4 endoplasms (D:1)
  9 goblins (D:2)
  3 hobgoblins (D:2)
  2 quokkas
  2 ball pythons
  4 bats (D:2)
  A frilled lizard (D:2)
  A kobold (D:2)
32 creatures vanquished.

Vanquished Creatures (others)
  3 plants (D:1)
3 creatures vanquished.

Grand Total: 35 creatures vanquished

Notes
Turn   | Place    | Note
-------+----------+-------------------------------------------
     0 | D:1      | leviel the Minotaur Berserker began the quest for the Orb.
     0 | D:1      | Reached XP level 1. HP: 19/19 MP: 0/0
   570 | D:1      | Reached skill level 4 in Axes
   701 | D:2      | Reached XP level 2. HP: 17/27 MP: 1/1
   995 | D:2      | Noticed Robin
  1005 | D:2      | Reached XP level 3. HP: 14/33 MP: 2/2
  1006 | D:2      | HP: 1/49 [Robin/+0 trident of freezing (3)]
  1007 | D:2      | Killed Robin
  1443 | D:2      | Found a faded altar of an unknown god.
  1485 | D:2      | Noticed Natasha
  1489 | D:2      | Killed Natasha
  1490 | D:2      | Reached XP level 4. HP: 27/41 MP: 3/3
  1792 | D:2      | Noticed Terence
  1806 | D:2      | Killed Terence
  1807 | D:2      | Reached skill level 5 in Axes
  1848 | D:2      | Noticed Natasha
  1853 | D:2      | HP: 2/41 [Natasha (9)]
  1855 | D:2      | Killed from afar by Natasha

Illustrated notes

Levels and vault maps discovered:
D:1:      lightli_arrival_noodles, layout_loops_ring, serial_bayou_lagoon_a
D:2:      layout_basic, hellmonk_ecumenical_altar_crossroads, uniq_natasha,
          uniq_terence, uniq_robin

Skill      XL: |  1  2  3  4 |
---------------+-------------+-----
Axes           | 4 5 |  5.1
Fighting       | 4 |  4.6
Armour         | 3 |  3.0
Dodging        | |  2.9
Stealth        | |  0.1

Action                   |  1- 3 |  4- 6 || total
-------------------------+-------+-------++-------
Melee: Hand axe          |    27 |    23 ||    50
       Headbutt          |     2 |     1 ||     3
Invok: Berserk           |     2 |     2 ||     4
Armor: Animal skin       |     5 |     7 ||    12
Dodge: Dodged            |     7 |    25 ||    32

Table legend: (Time is in decaauts)
 A = Elapsed time spent in this place.
 B = Non-inter-level travel time spent in this place.
 C = Inter-level travel time spent in this place.
 D = Time resting spent in this place.
 E = Time spent auto-exploring this place.
 F = Levels seen in this place.
 G = Mean time per level.
                   A        B        C        D        E       F      G
               +--------+--------+--------+--------+--------+-----+--------+
         Total |   1897 |   1882 |     15 |    562 |   1194 |   2 |  948.5 |
       Dungeon |   1897 |   1882 |     15 |    562 |   1194 |   2 |  948.5 |
               +--------+--------+--------+--------+--------+-----+--------+

Top non-repeatable levels by time:
     D:2: 1194 daAuts
     D:1: 702 daAuts
